Map: New Repugnancy LE

Players

Smileblind - Winner!

  • Race: Protoss Protoss
  • Spawn Location: 7:00

VOD

Have the link to the VOD?

Description

Time

  • Played on: Jan. 27, 2019, 5:39 p.m.
  • Length: 28:39
Show
View Real Time Build Order
Export as new Build Order

Smileblind Protoss - Winner!

Build Orders:  

Get SALT Encoding   

  12  0:06  Probe (Chrono Boost)  
  13  0:25  Pylon  
  13  0:28  Probe (Chrono Boost)  
  14  0:39  Probe (Chrono Boost)  
  15  0:50  Assimilator  
  15  0:53  Assimilator  
  15  0:54  Probe (Chrono Boost)  
  16  1:17  Gateway  
  17  1:21  Probe (Chrono Boost)  
  17  1:38  Probe (Chrono Boost)  
  18  1:50  Probe (Chrono Boost)  
  18  1:55  Pylon  
  19  2:01  Probe (Chrono Boost)  
  20  2:15  Probe (Chrono Boost)  
  21  2:29  Cybernetics Core  
  22  2:32  Probe (Chrono Boost)  
  22  2:39  Forge  
  22  2:42  Zealot  
  22  2:49  Probe (Chrono Boost)  
  25  3:00  Probe (Chrono Boost)  
  26  3:12  Probe (Chrono Boost)  
  27  3:24  Pylon  
  27  3:25  Probe (Chrono Boost)  
  28  3:36  Stalker, Stargate  
  30  3:55  Shield Battery  
  30  4:10  Photon Cannon  
  30  4:27  Pylon  
  30  4:43  Warp Gate  
  30  4:51  Void Ray  
  34  5:00  Gateway  
  34  5:01  Gateway  
  34  5:11  Shield Battery  
  34  5:15  Shield Battery  
  34  5:43  Protoss Air Weapons Level 1  
  34  5:54  Nexus  
  32  6:16  Stalker  
  34  6:22  Sentry  
  34  6:23  Sentry  
  30  6:57  Zealot x2  
  34  7:27  Gateway  
  34  7:41  Photon Cannon x2  
  34  7:48  Void Ray  
  34  7:49  Shield Battery  
  38  8:04  Probe (Chrono Boost)  
  39  8:13  Probe (Chrono Boost)  
  39  8:15  Probe (Chrono Boost)  
  41  8:26  Probe (Chrono Boost)  
  41  8:27  Shield Battery  
  43  8:30  Probe (Chrono Boost)  
  43  8:38  Probe (Chrono Boost)  
  43  8:41  Sentry  
  43  8:42  Sentry  
  43  8:47  Probe (Chrono Boost)  
  43  8:49  Probe (Chrono Boost)  
  50  9:03  Probe (Chrono Boost)  
  50  9:09  Fleet Beacon  
  51  9:19  Oracle  
  54  9:25  Probe (Chrono Boost)  
  55  9:36  Probe (Chrono Boost)  
  56  9:49  Probe (Chrono Boost)  
  56  9:51  Assimilator  
  56  9:57  Assimilator  
  56  9:58  Carrier  
  57  10:03  Pylon  
  57  10:06  Probe (Chrono Boost)  
  58  10:12  Protoss Air Weapons Level 2  
  58  10:16  Pylon  
  58  10:23  Probe (Chrono Boost)  
  66  10:40  Probe (Chrono Boost)  
  66  10:51  Probe (Chrono Boost)  
  67  11:01  Stargate  
  67  11:03  Probe (Chrono Boost)  
  68  11:17  Probe (Chrono Boost)  
  69  11:34  Probe (Chrono Boost)  
  72  11:50  Probe (Chrono Boost)  
  70  11:52  Robotics Facility  
  71  12:01  Probe (Chrono Boost)  
  72  12:15  Carrier  
  72  12:43  Pylon, Carrier  
  72  12:48  Pylon  
  86  13:13  Observer  
  93  13:26  Pylon  
  93  13:29  Pylon  
  93  13:31  Pylon  
  93  13:45  Carrier  
  93  13:49  Pylon  
  93  13:50  Pylon  
  93  13:51  Warp Prism  
  93  13:57  Stalker  
  93  13:58  Stalker  
  105  14:44  Pylon  
  105  15:10  Carrier  
  105  15:15  Carrier  
  105  15:20  Nexus  
  105  15:27  Pylon  
  105  15:29  Pylon  
  105  15:33  Pylon  
  105  15:35  Pylon  
  105  15:45  Observer  
  118  16:02  Gateway  
  118  16:04  Gateway  
  118  16:07  Gateway  
  118  16:20  Gateway  
  118  16:21  Gateway  
  118  16:32  Gateway  
  118  16:40  Carrier  
  116  17:03  Carrier  
  116  17:16  Unknown  
  122  17:20  Unknown  
  122  17:41  Probe (Chrono Boost)  
  123  17:50  Stalker x2  
  123  17:53  Probe (Chrono Boost)  
  128  18:06  Probe (Chrono Boost)  
  129  18:10  Carrier  
  129  18:18  Observer  
  130  18:23  Probe (Chrono Boost)  
  131  18:33  Shield Battery  
  131  18:35  Shield Battery  
  132  18:40  Probe (Chrono Boost)  
  132  18:41  Shield Battery  
  132  18:45  Stargate  
  132  18:48  Stargate, Observer  
  139  18:52  Pylon  
  139  18:53  Probe (Chrono Boost)  
  139  18:54  Assimilator  
  140  19:01  Assimilator  
  140  19:05  Probe (Chrono Boost)  
  141  19:17  Probe (Chrono Boost)  
  142  19:21  Carrier  
  142  19:22  Carrier  
  142  19:34  Probe (Chrono Boost)  
  155  20:04  Probe (Chrono Boost)  
  155  20:07  Protoss Air Weapons Level 3  
  156  20:15  Carrier  
  156  20:19  Probe (Chrono Boost)  
  157  20:30  Probe (Chrono Boost)  
  158  20:40  Carrier  
  158  20:42  Probe (Chrono Boost)  
  165  20:51  Carrier  
  165  21:01  Carrier  
  183  21:45  Carrier  
  183  22:28  Carrier x2  
  174  22:31  Carrier  
  165  23:50  Stalker x3  
  165  23:51  Stalker x3  
  165  23:52  Stalker x2  
  178  24:39  Stalker x4  
  186  24:40  Stalker  
  186  25:03  Stalker  
  186  25:04  Stalker x3  
Tags
 
Add a new tag
Caveats
  • Supply blocks, unpowered buildings, or Contaminate may cause inaccurate times.
  • Supply counts are checked every 10 seconds.